 Dungeon Crawl Stone Soup version 0.17-a0-1663-gb806841 (webtiles) character file.

61 Gargoyl the Skirmisher (level 3, -4/30 HPs)
             Began as a Demonspawn Abyssal Knight on Aug 16, 2015.
             Was a Follower of Lugonu.
             Slain by a gnoll
             ... wielding a +0 halberd
              (5 damage)
             ... on level 2 of the Dungeon.
             The game lasted 00:03:12 (1672 turns).

Gargoyl the Skirmisher (Demonspawn Abyssal Knight)  Turns: 1672, Time: 00:03:12

Health: -4/30      AC: 10    Str: 13    XL:     3   Next: 83%
Magic:  5/5        EV:  3    Int: 13    God:    Lugonu [*.....]
Gold:   35         SH:  0    Dex: 12    Spells: 0 memorised, 2 levels left

rFire  . . .     SeeInvis .     g - -3 spear (curse)
rCold  + . .     Clarity  .     h - +0 plate armour
rNeg   . . .     SustAt   .     (no shield)
rPois  .         Gourm    .     (no helmet)
rElec  .         Spirit   .     (no cloak)
rCorr  .         Warding  .     (no gloves)
rMut   .         Stasis   .     (no boots)
MR     .....                    (no amulet)
Stlth  ..........               (no ring)
                                e - ring of protection from cold

@: not resistant to hostile enchantments, extremely unstealthy
A: nightstalker 1
a: Depart the Abyss, Renounce Religion


You were on level 2 of the Dungeon.
You worshipped Lugonu.
Lugonu was aware of your devotion.
You were not hungry.

You visited 1 branch of the dungeon, and saw 2 of its levels.
You visited the Abyss 1 time.

You collected 35 gold pieces.

Inventory:

Hand weapons
 a - a +1 hand axe
 g - a cursed -3 spear (weapon)
 i - a +0 flail
Armour
 h - a +0 plate armour (worn)
Jewellery
 e - a ring of protection from cold (left hand)
Potions
 b - a potion of curing
Comestibles
 c - a bread ration
 j - 2 chunks of flesh


   Skills:
 + Level 3.8 Fighting
 + Level 2.2 Axes
 + Level 2.1 Armour
 + Level 1.1 Dodging
 + Level 0.2 Stealth
 + Level 3.3 Invocations


You had 2 spell levels left.
You didn't know any spells.

Dungeon Overview and Level Annotations

Branches:
Dungeon (2/15)

Altars:


Innate Abilities, Weirdness & Mutations

You are slightly more attuned to the shadows.


Message History

You hit the gnoll but do no damage.
The gnoll is severely wounded.
The gnoll hits you with a spear.
* * * LOW HITPOINT WARNING * * *
You hit the gnoll but do no damage.
The gnoll is severely wounded.
The gnoll hits you but does no damage. The gnoll hits you with a spear.
* * * LOW HITPOINT WARNING * * *
Your plate armour prevents you from hitting the gnoll.
The gnoll is severely wounded.
The gnoll hits you but does no damage. x2
You hit the gnoll.
The gnoll is almost dead.
The gnoll hits you with a halberd.
* * * LOW HITPOINT WARNING * * *
The gnoll hits you but does no damage.
Your plate armour prevents you from hitting the gnoll.
The gnoll is almost dead.
The gnoll barely misses you. The gnoll hits you with a halberd.
You die...

# #.##......((...
#.##.######.##. #..
#.##.##.# #.###
#...######.......# #..
#................# #####
#####...###.#..##.##.#
...............##.##.###..
...............#.......(...
..............@#...#.###...
#.......#.#gg#.†.#.# .
#.#.....)..........#
#...#.####..>..### #...#.#
###.##### #...#.# #.....#
.......# #####.# #####
..#...### #.# #.... #.###.#
#.######....


You could see 2 gnolls.

Vanquished Creatures
  2 gnolls (D:1)
  An ooze (D:1)
  A ball python (D:2)
  4 giant cockroaches (D:1)
  3 goblins (D:1)
  5 hobgoblins
  3 kobolds
  3 bats (D:1)
  2 giant newts
  8 jackals
  3 rats
35 creatures vanquished.

Notes
Turn   | Place    | Note
--------------------------------------------------------------
     0 | Abyss:1  | Gargoyl the Demonspawn Abyssal Knight began the quest for the Orb.
     0 | Abyss:1  | Reached XP level 1. HP: 18/18 MP: 2/2
    41 | Abyss:1  | Noticed a small abomination
    41 | Abyss:1  | Noticed a large abomination
    50 | Abyss:1  | Noticed a cacodemon
    61 | D:1      | Escaped the Abyss
   137 | D:1      | Reached skill level 1 in Dodging
   347 | D:1      | Acquired Lugonu's first power
   401 | D:1      | Gained mutation: You are slightly more attuned to the shadows. [demonic ancestry]
   401 | D:1      | Reached XP level 2. HP: 24/24 MP: 3/3
  1049 | D:2      | Reached XP level 3. HP: 27/29 MP: 5/5
  1671 | D:2      | HP: 1/30 [gnoll/halberd (4)]
  1672 | D:2      | Slain by a gnoll

Vault maps used:
D:1:      ncdulo_lavacross, minmay_misc_feat_square
D:2:      minmay_misc_feat_nine_boxes

Action                   || total
-------------------------++-------
Melee: Hand axe          ||   121
       Spear             ||    13
Invok: Depart the Abyss  ||     1
  Use: Scroll            ||     2
  Eat: Bread ration      ||     1
